 Dungeon Crawl Stone Soup version 0.23.1-42-g8abd8fc (webtiles) character file.

Game seed: 2898619821201810017

952 cklessthan3 the Cudgeler (level 8, -6/68 HPs)
             Began as a Hill Orc Fighter on Mar 30, 2019.
             Was a Believer of Elyvilon.
             Mangled by an ogre
             ... wielding a +0 giant club
              (16 damage)
             ... on level 5 of the Dungeon.
             The game lasted 00:23:31 (4446 turns).

cklessthan3 the Cudgeler (Hill Orc Fighter)         Turns: 4446, Time: 00:23:31

Health: -6/68      AC: 14    Str: 21    XL:     8   Next: 13%
Magic:  8/8        EV:  8    Int:  8    God:    Elyvilon [**....]
Gold:   46         SH: 10    Dex: 10    Spells: 7/7 levels left

rFire    . . .     SeeInvis .   n - +1 flail (protect)
rCold    . . .     Gourm    .   c - +1 shield
rNeg     . . .     Faith    .   b - +0 scale mail
rPois    +         Spirit   .   (no helmet)
rElec    .         Reflect  .   (no cloak)
rCorr    .         Harm     .   (no gloves)
MR       .....                  (no boots)
Stlth    ..........             (no amulet)
HPRegen  0.21/turn              r - ring of poison resistance
MPRegen  0.11/turn              (no ring)

@: about to teleport, protection, protection aura
A: no striking features
a: Lesser Healing, Heal Other, Divine Protection, Renounce Religion


You were on level 5 of the Dungeon.
You worshipped Elyvilon.
Elyvilon was pleased with you.
You were not hungry.

You visited 1 branch of the dungeon, and saw 5 of its levels.

You collected 256 gold pieces.
You spent 210 gold pieces at shops.

Inventory:

Hand Weapons
 g - a +3 whip
 n - a +1 flail of protection (weapon)
Missiles
 i - 27 bolts
 p - 8 tomahawks (quivered)
Armour
 b - a +0 scale mail (worn)
 c - a +1 shield (worn)
Jewellery
 l - an uncursed ring of attention
 r - a ring of poison resistance (left hand)
Wands
 k - a wand of iceblast (7)
Scrolls
 e - a scroll of teleportation
 h - 2 scrolls of immolation
 j - 2 scrolls of magic mapping
Potions
 a - 3 potions of might
 d - 2 potions of haste
 f - a potion of lignification {unknown}
 m - a potion of curing
 q - a potion of ambrosia {unknown}
Comestibles
 o - 8 rations


   Skills:
 + Level 5.0 Fighting
 + Level 7.4 Maces & Flails
 + Level 5.1 Armour
 + Level 1.6 Dodging
 + Level 0.2 Stealth
 + Level 4.9 Shields
 + Level 0.9 Invocations


You had 7 spell levels left.
You didn't know any spells.
Your spell library was empty.

Dungeon Overview and Level Annotations

Branches:
Dungeon (5/15)
 Temple: D:4-7

Altars:
Ashenzari
Cheibriados
Elyvilon
Makhleb
Okawaru
Xom
Yredelemnul

Shops:
D:4 %

Annotations:
D:5 Blork the orc, Menkaure


Message History

The ogre convulses!
Blork the orc convulses!
Your body is wracked with pain!
Okay, then.
You beseech Elyvilon to protect your life.
Blork the orc hits you but does no damage.
The ogre hits you with a +0 giant club.
* * * LOW HITPOINT WARNING * * *
Blork the orc cheers noisily.
Blork the orc hits you with a +0 trident.
* * * LOW HITPOINT WARNING * * *
Menkaure calls on the powers of darkness!
The ogre convulses!
Blork the orc convulses!
Your body is wracked with pain!
* * * LOW HITPOINT WARNING * * *
As you read the scroll of teleportation, it crumbles to dust.
You feel strangely unstable. Blork the orc barely misses you.
The ogre closely misses you.
You sock the crimson imp!
The crimson imp is almost dead.
Blork the orc hits you but does no damage.
The ogre hits you with a +0 giant club!
You die...

../...# .#
....... .###
....... ....
....... #..#
.......###?..
...!........##
.........##..#.$#
#..5@o....#
##<##O..#.# ##.#
.....# #..#
.##..M. ........#
.# ... #####....
.. #. #........
..........
...........


You could see Blork the orc, an ogre, Menkaure and a crimson imp.

Vanquished Creatures
  The ghost of Borgoz the Ducker, a novice KoHu of Ashenzari (D:4)
  A phantom (D:4)
  A sky beast (D:5)
  A scorpion (D:2)
  A howler monkey (D:4)
  A crimson imp (D:5)
  A hound (D:4)
  2 orc wizards (D:4)
  A bullfrog skeleton (D:4)
  An iguana (D:4)
  A worker ant (D:4)
  Natasha (D:2)
  A hound skeleton (D:4)
  5 gnolls
  4 adders
  An adder zombie (D:4)
  6 worms
  2 dart slugs
  9 leopard geckos
  3 orcs
  A ball python (D:2)
  2 giant cockroaches (D:4)
  2 gnoll zombies (D:4)
  9 goblins
  8 hobgoblins
  4 jackals (D:4)
  3 quokkas
  9 bats
  3 frilled lizards
  10 kobolds
  A quokka skeleton (D:4)
  13 rats
109 creatures vanquished.

Vanquished Creatures (others)
  A leopard gecko (D:2)
1 creature vanquished.

Grand Total: 110 creatures vanquished

Notes
Turn   | Place    | Note
-------+----------+-------------------------------------------
     0 | D:1      | cklessthan3 the Hill Orc Fighter began the quest for the
                  | Orb.
     0 | D:1      | Reached XP level 1. HP: 19/19 MP: 1/1
    84 | D:1      | Reached XP level 2. HP: 22/27 MP: 2/2
   502 | D:1      | Reached XP level 3. HP: 28/33 MP: 3/3
   905 | D:1      | Reached skill level 3 in Maces & Flails
  1209 | D:2      | Reached XP level 4. HP: 37/40 MP: 4/4
  1380 | D:2      | Reached XP level 5. HP: 33/47 MP: 5/5
  1535 | D:2      | Found a white marble altar of Elyvilon.
  1912 | D:2      | Became a worshipper of Elyvilon the Healer
  1972 | D:2      | Found a burning altar of Makhleb.
  1972 | D:2      | Found an iron altar of Okawaru.
  1973 | D:2      | Found a shattered altar of Ashenzari.
  2073 | D:2      | Reached skill level 4 in Maces & Flails
  2102 | D:2      | Noticed Natasha
  2111 | D:2      | Killed Natasha
  2352 | D:3      | Reached * piety under Elyvilon
  2393 | D:3      | Found an iron altar of Okawaru.
  3177 | D:4      | Reached ** piety under Elyvilon
  3325 | D:4      | Reached XP level 6. HP: 53/53 MP: 6/6
  3343 | D:4      | Reached skill level 5 in Maces & Flails
  3351 | D:4      | Noticed a phantom
  3371 | D:4      | Killed a phantom
  3371 | D:4      | Reached skill level 1 in Dodging
  3578 | D:4      | Found a shimmering altar of Xom.
  3652 | D:4      | Reached XP level 7. HP: 60/60 MP: 7/7
  3709 | D:4      | Reached skill level 6 in Maces & Flails
  3716 | D:4      | Found a runed translucent door.
  3718 | D:4      | Noticed Borgoz's ghost (novice KoHu)
  3814 | D:4      | Killed Borgoz's ghost
  3864 | D:4      | Found a snail-covered altar of Cheibriados.
  3891 | D:4      | Reached skill level 7 in Maces & Flails
  4195 | D:4      | Found a basalt altar of Yredelemnul.
  4298 | D:4      | Found Toirryunt's Food Shop.
  4305 | D:4      | Bought a ration for 70 gold pieces
  4305 | D:4      | Bought a ration for 70 gold pieces
  4305 | D:4      | Bought a ration for 70 gold pieces
  4410 | D:5      | Entered Level 5 of the Dungeon
  4420 | D:5      | Reached skill level 5 in Armour
  4420 | D:5      | Reached XP level 8. HP: 67/67 MP: 8/8
  4427 | D:5      | Noticed Blork the orc
  4438 | D:5      | Reached skill level 5 in Fighting
  4442 | D:5      | Noticed Menkaure
  4446 | D:5      | Mangled by an ogre

Skill      XL: |  1  2  3  4  5  6  7  8 |
---------------+-------------------------+-----
Fighting       | 4 5 |  5.0
Maces & Flails | 3 4 5 7 |  7.4
Shields        | 4 |  4.9
Armour         | 4 5 |  5.1
Dodging        | 1 |  1.6
Stealth        | |  0.2
Invocations    | |  0.9

Action                   |  1- 3 |  4- 6 |  7- 9 || total
-------------------------+-------+-------+-------++-------
Melee: Flail             |   117 |   235 |   115 ||   467
Invok: Divine Protection |       |     1 |     1 ||     2
       Lesser Healing    |       |     1 |       ||     1
  Use: Potion            |     1 |     4 |     1 ||     6
       Scroll            |       |    10 |     3 ||    13
  Eat: Ration            |     1 |     3 |       ||     4
Armor: Scale mail        |    59 |   134 |    65 ||   258
Dodge: Dodged            |    58 |    76 |    57 ||   191
Block: Shield            |    71 |   122 |    27 ||   220
       Buckler           |       |     8 |     9 ||    17
